 Dungeon Crawl Stone Soup version 0.23.0 (webtiles) character file.

Game seed: 5280244800793554332

1586656 Cecky the Conqueror (level 27, 261/273 HPs)
             Began as a Minotaur Berserker on Feb 10, 2019.
             Was a High Priest of Trog.
             Escaped with the Orb
             ... and 3 runes!
             The game lasted 03:50:16 (84980 turns).

Cecky the Conqueror (Minotaur Berserker)           Turns: 84980, Time: 03:50:17

Health: 261/273    AC: 55    Str: 27    XL:     27
Magic:  12/12      EV: 23    Int:  7    God:    Trog [*****.]
Gold:   4354       SH:  0    Dex: 22    Spells: 26/26 levels left

rFire    + + .     SeeInvis +   b - +7 executioner's axe (antimagic)
rCold    + . .     Gourm    .   (shield currently unavailable)
rNeg     . . .     Faith    .   W - +9 gold dragon scales
rPois    +         Spirit   .   K - +2 hat
rElec    +         Reflect  .   u - +1 cloak {+Inv}
rCorr    .         Harm     .   J - -1 pair of gloves "Laboiwk" {rF+ Int+3}
MR       +++..                  H - +2 pair of boots {Stlth+}
Stlth    ..........             N - amulet of the acrobat
HPRegen  0.55/turn              Q - ring "Xoniph" {rElec AC+4 Stlth+}
MPRegen  0.13/turn              z - ring of Robustness {AC+8}

@: no status effects
A: retaliatory headbutt, horns 2, thin skeletal structure 1, see invisible,
deterioration 1, magic resistance 1, strong 1
0: Orb of Zot
}: 3/15 runes: decaying, slimy, gossamer
a: Berserk, Trog's Hand, Brothers in Arms, Renounce Religion, Evoke Invisibility


You escaped.
You worshipped Trog.
Trog was extremely pleased with you.
You were not hungry.

You visited 11 branches of the dungeon, and saw 56 of its levels.
You also visited: Gauntlet, Ice Cave and Wizlab.

You collected 7204 gold pieces.
You spent 2850 gold pieces at shops.

Inventory:

Hand Weapons
 b - a +7 antimagic executioner's axe (weapon)
 n - the +5 battleaxe "Ukasef" {chop, rPois rF+, unknown}
   (Trog gifted it to you on level 5 of the Realm of Zot)

   It inflicts extra damage upon your enemies.
   It protects you from fire.
   It protects you from poison.
Armour
 f - the +2 pair of boots "Ycicevop" {rPois Str-3 Int+3 Dex+2}
   (You found it on level 5 of the Pits of Slime)

   It affects your strength (-3).
   It affects your intelligence (+3).
   It affects your dexterity (+2).
   It protects you from poison.
 i - a scarf of resistance
 u - a +1 cloak of invisibility (worn)
 H - a +2 pair of boots of stealth (worn)
 J - the -1 pair of gloves "Laboiwk" (worn) {rF+ Int+3}
   (You acquired it on level 1 of the Realm of Zot)

   It affects your intelligence (+3).
   It protects you from fire.
 K - a +2 hat (worn)
 W - +9 gold dragon scales (worn)
Jewellery
 z - the ring of Robustness (right hand) {AC+8}
   (You found it in a Gauntlet)

   [ring of protection]

   It affects your AC (+8).
 I - an uncursed ring of protection from cold
 L - an uncursed ring of see invisible
 N - an amulet of the acrobat (around neck)
 Q - the ring "Xoniph" (left hand) {rElec AC+4 Stlth+}
   (You found it on level 2 of the Elven Halls)

   [ring of protection]

   It affects your AC (+4).
   It insulates you from electricity.
   It makes you more stealthy.
 X - the ring of Toxkaiju {rCorr rC+ Int+5}
   (You took it off a vampire knight on level 3 of the Depths)

   [ring of resist corrosion]

   It affects your intelligence (+5).
   It protects you from cold.
Wands
 w - a wand of digging (5)
 y - a wand of paralysis (20)
 D - a wand of iceblast (67)
 F - a wand of acid (18)
 S - a wand of clouds (19)
Scrolls
 a - a scroll of silence
 e - 22 scrolls of teleportation
 k - 29 scrolls of remove curse
 o - 9 scrolls of fog
 q - 7 scrolls of blinking
 r - 4 scrolls of immolation
 C - 4 scrolls of magic mapping
 G - 10 scrolls of fear
 M - 21 scrolls of identify
 Z - a scroll of brand weapon
Potions
 d - 10 potions of flight
 j - 3 potions of lignification
 l - 4 potions of haste
 m - 3 potions of ambrosia
 p - 2 potions of berserk rage
 t - 3 potions of might
 v - 25 potions of curing
 A - 3 potions of cancellation
 B - 7 potions of mutation
 O - a potion of resistance
 R - 2 potions of agility
 U - 3 potions of invisibility
Miscellaneous
 h - a lamp of fire
 P - 4 sacks of spiders
Comestibles
 c - 40 rations


   Skills:
 O Level 27 Fighting
 - Level 26.0 Axes
 - Level 5.1 Throwing
 - Level 22.7 Armour
 - Level 23.6 Dodging
   Level 14.8 Shields
 - Level 0.1 Spellcasting
 + Level 20.0 Evocations


You had 26 spell levels left.
You didn't know any spells.
Your spell library was empty.

Dungeon Overview and Level Annotations

Branches:
Dungeon (15/15)            Temple (0/1) D:5            Lair (6/6) D:8
  Swamp (4/4) Lair:3       Spider (4/4) Lair:4        Slime (5/5) Lair:5
    Orc (2/2) D:10            Elf (3/3) Orc:2        Vaults (4/5) D:13
  Crypt (3/3) Vaults:2     Depths (5/5) D:15            Zot (5/5) Depths:5
   Tomb: Crypt:3

Altars:
Ashenzari
Cheibriados
Dithmenos
Fedhas
Gozag
Hepliaklqana
Kikubaaqudgha
Qazlal
Sif Muna
Trog
Uskayaw
Vehumet
Xom
Zin
Beogh
Jiyva

Shops:
D:5 *:   D:6 (   D:8 ?   D:13 %   Orc:2 :[?!   Elf:3 !   Depths:1 *%(:
Depths:2 [   Depths:3 *

Portals:
Hell: Depths:1 Depths:2 Depths:3 Depths:4 Depths:5
Abyss: Depths:4 Depths:5
Pandemonium: Depths:3 Depths:4
Ziggurat: Depths:2

Annotations:
Lair:1 3 runed translucent doors, Garrluk's ghost, journeyman DDBe
Lair:2 exclusion: 2 oklob plants


Innate Abilities, Weirdness & Mutations

You reflexively headbutt those who attack you in melee.
You have a pair of horns on your head.
You have a somewhat thin skeletal structure. (Dex +2, Stealth)
You have supernaturally acute eyesight. (SInv)
Your body sometimes deteriorates upon taking damage.
You are resistant to hostile enchantments. (MR+)
Your muscles are strong. (Str +2)


Message History

You chop the Tzitzimitl into pieces!!!
The Tzitzimitl's magic leaks into the air.
You headbutt the Tzitzimitl, but do no damage.
The Tzitzimitl is almost dead.
The Tzitzimitl falters for a moment.
You completely miss the Tzitzimitl. Your headbutt misses the Tzitzimitl.
The Tzitzimitl is almost dead.
The Tzitzimitl closely misses you. The Tzitzimitl bites you.
You hit the Tzitzimitl but do no damage.
The Tzitzimitl is almost dead.
You hit the Tzitzimitl.
The Tzitzimitl's magic leaks into the air.
You headbutt the Tzitzimitl, but do no damage.
The Tzitzimitl is almost dead.
The Tzitzimitl engulfs you but does no damage.
The Tzitzimitl misses you.
You chop the Tzitzimitl into pieces!!!!
You kill the Tzitzimitl!
Trog accepts your kill.
You have escaped!

#....###..##.###.#####......#
#....#...###.#...#...#......#
#...##.#####.#.###.#.##(....#
#..'##.####..#.....#..#'....#
#..#.#....#.##.######..#....##
#.##.####.#..#.##...#####....#
#.##....#.##'#'##.#.#...#....#
#.###.#.#.##...##.#.#.#.#.....
#.'.#.#.#..+.@.'..#.#.#.'...#.
#.#.#.#.#.##...####.#.###.....
#.#...#.#.##'#'## #....##.#(#.
#.#####...##.#).######.##.#...
#..#..######.##......#(#..###.
#..'#..#.....#..#.##.##)..# ##
#...##.#.#####.###.#.##...# #
#....#...#.....###...#....# #
#....#####.###.##..###....# #


There were no monsters in sight!

Vanquished Creatures
  the Royal Jelly (Slime:5)
  3 orbs of fire
  5 ancient liches
  A juggernaut (Depths:3)
  8 Killer Klowns
  Margery (Vaults:2)
  4 caustic shrikes (Depths:2)
  6 golden dragons
  The ghost of Ogotegun the Warrior, an adept DgCj (Depths:5)
  Jory (Vaults:2)
  The ghost of Pikuto the Slayer, an adept MiBe of Trog (Depths:5)
  A lich (Depths:2)
  An iron giant (Depths:5)
  A Tzitzimitl (D:1)
  5 electric golems
  11 tentacled monstrosities
  25 Orb Guardians
  A moon troll (WizLab)
  6 quicksilver dragons
  4 deep elf blademasters
  3 deep elf master archers (Elf:3)
  Frances (D:13)
  2 thorn hunters
  A sphinx (Vaults:4)
  21 acid blobs
  9 death cobs
  The ghost of frimble the Warmonger, an adept DsGl of Okawaru (Depths:5)
  10 tentacled starspawn (WizLab)
  5 tengu reavers
  An ancient champion (Crypt:2)
  Kirke (Spider:1)
  9 shadow dragons
  10 storm dragons
  4 azure jellies
  Roxanne (D:15)
  14 fire giants
  6 draconian monks
  A revenant (Crypt:1)
  11 draconian scorchers
  8 frost giants
  2 iron dragons
  8 vault wardens
  2 orc warlords
  3 draconian knights
  5 ghost moths
  2 deep elf elementalists (Elf:3)
  A cacodemon (WizLab)
  13 draconian shifters
  12 deep elf sorcerers
  6 draconian stormcallers
  A caustic shrike zombie (Depths:4)
  4 emperor scorpions
  12 ghouls
  8 draconian annihilators
  8 ironheart preservers
  A juggernaut skeleton (Crypt:1)
  7 spriggan defenders
  10 green draconians
  19 stone giants
  5 entropy weavers
  12 very ugly things
  Azrael (Spider:1)
  9 vampire knights
  A lorocyproca (Depths:3)
  12 purple draconians
  12 yellow draconians
  2 deep elf demonologists (Elf:3)
  9 black draconians
  A minotaur (Gauntlet)
  3 deep elf annihilators
  17 white draconians
  16 spark wasps
  11 red draconians
  2 eidola
  A merfolk javelineer (Depths:4)
  16 jiangshi
  14 ettins
  8 deep elf death magi
  A crystal guardian (WizLab)
  A green death (Depths:3)
  9 yaktaur captains
  A deep elf high priest (Elf:3)
  14 fire dragons
  Josephine (Spider:1)
  5 death oozes (Slime:5)
  9 great orbs of eyes
  A merfolk impaler (Depths:4)
  14 hydras
  16 ice dragons
  The ghost of Ceyvaan the Thaumaturge, a journeyman DEFE of Sif Muna (Lair:3)
  5 rakshasas
  4 vault guards
  7 spriggan air magi
  Harold (D:7)
  4 death knights
  A ghost crab (Swamp:2)
  3 catoblepae (Lair:6)
  12 centaur warriors
  2 shambling mangroves (Swamp:4)
  24 two-headed ogres
  29 dancing weapons
  9 ogre magi
  19 death yaks
  11 alligators
  10 tengu warriors
  9 deep troll shamans
  11 vampire magi
  9 deep troll earth magi
  An orc high priest (Elf:3)
  13 spriggan berserkers
  12 hell knights
  29 deep elf knights
  A storm dragon zombie (Crypt:3)
  5 soul eaters
  A storm dragon skeleton (Vaults:2)
  17 deep trolls
  29 skeletal warriors
  A salamander mystic (Depths:2)
  4 shadow wraiths
  A ghost moth zombie (Crypt:2)
  An orange crystal statue (WizLab)
  An infernal demonspawn (Depths:4)
  A spriggan druid (Swamp:2)
  2 swamp dragons
  A shadow demon (Zot:1)
  6 iron trolls
  A deep troll (shapeshifter) (Depths:2)
  An anaconda zombie (Crypt:3)
  4 flayed ghosts
  11 ironbrand convokers
  14 deep elf archers
  A gelid demonspawn (Depths:4)
  A shadow dragon zombie (Vaults:3)
  12 glowing orange brains
  2 harpies (shapeshifter)
  9 phantasmal warriors
  12 necromancers
  8 wizards
  A golden dragon skeleton (Crypt:2)
  2 fire giant zombies
  An oklob plant (Gauntlet)
  10 orc sorcerers
  47 ugly things
  4 salamanders
  A wolf spider zombie (D:14)
  A cyclops (shapeshifter) (Vaults:4)
  22 orb spiders
  4 shining eyes
  16 orc knights
  6 draconians
  24 wolf spiders
  4 harpies
  50 deep elf magi
  A salamander (shapeshifter) (D:13)
  4 manticores
  A tengu skeleton (Vaults:3)
  3 cyclopes
  7 elephants
  24 moths of wrath
  A guardian serpent (shapeshifter) (Depths:2)
  3 black mambas
  A human skeleton (Vaults:3)
  A torpor snail (Lair:3)
  10 vault sentinels
  2 orange demons (Depths:3)
  10 eyes of devastation
  An ice statue (IceCv)
  A death yak zombie (Crypt:1)
  8 spiny frogs
  12 komodo dragons
  A kobold demonologist (D:12)
  A catoblepas zombie (Crypt:2)
  An efreet (D:14)
  8 demonic crawlers
  14 freezing wraiths
  34 yaktaurs
  A death yak skeleton (Crypt:2)
  An ice devil (Depths:3)
  5 tengu conjurers
  A yellow draconian skeleton (Crypt:1)
  25 jumping spiders
  A hydra zombie (Crypt:3)
  3 meliai (D:13)
  15 polar bears (IceCv)
  A tengu simulacrum (Vaults:2)
  A queen bee (Lair:3)
  10 tyrant leeches
  8 trolls
  17 hornets
  A slime creature (shapeshifter) (Depths:3)
  Grinder (D:4)
  5 blink frogs (Lair:4)
  83 slime creatures
  3 dream sheep (Lair:6)
  A blink frog (shapeshifter) (D:14)
  4 bog bodies
  A fire giant simulacrum (Crypt:3)
  2 stone giant simulacra (Vaults:2)
  A human simulacrum (Vaults:2)
  13 hippogriffs
  A snapping turtle (shapeshifter) (Elf:1)
  5 flying skulls (Crypt:1)
  8 spriggans
  A ynoxinul (Depths:4)
  Sigmund (D:5)
  A tarantella (shapeshifter) (Vaults:2)
  13 wraiths
  11 water elementals
  2 air elementals
  3 wyverns
  55 redbacks
  2 vampires
  2 elf zombies (Depths:4)
  2 shadows
  23 tarantellas
  7 basilisks
  81 yaks
  A neqoxec (WizLab)
  5 golden eyes
  7 hogs
  9 vampire mosquitoes
  A spectral komodo dragon (Lair:3)
  5 hungry ghosts
  A basilisk (shapeshifter) (Vaults:3)
  10 fire elementals
  Menkaure (D:4)
  A glowing shapeshifter zombie (Crypt:2)
  3 swamp worm simulacra (Swamp:4)
  20 wargs
  A chaos spawn (Depths:4)
  Edmund (D:6)
  3 insubstantial wisps (Swamp:4)
  A monstrous demonspawn zombie (Crypt:3)
  17 swamp worms
  4 acid dragons
  A floating eye (shapeshifter) (Vaults:1)
  3 hell hounds (Spider:1)
  18 hydra simulacra
  6 porcupines
  10 water moccasins
  2 floating eyes
  47 orc warriors
  2 sky beasts
  An infernal demonspawn skeleton (Crypt:2)
  7 swamp drakes
  A black bear (shapeshifter) (Depths:3)
  A spectral torpor snail (Lair:3)
  2 black mamba simulacra (Lair:3)
  5 eyes of draining
  An ice beast (shapeshifter) (Vaults:2)
  5 ice beasts
  2 necrophages
  3 phantoms
  10 boggarts
  33 ogres
  13 crocodiles
  22 wolves
  17 centaurs
  An elf skeleton (Vaults:3)
  5 big kobolds
  19 bullfrogs
  6 earth elementals
  3 scorpions
  2 wyvern skeletons
  39 killer bees
  6 wights (D:10)
  6 electric eels
  2 howler monkeys
  5 crimson imps
  A bullfrog zombie (D:13)
  5 jellies
  2 quasits
  8 starcursed masses (WizLab)
  6 hounds
  26 orc priests
  A gnoll shaman (D:5)
  3 bullfrog skeletons
  6 centaur skeletons
  11 iguanas
  Ijyb (D:5)
  37 orc wizards
  13 worker ants
  A deep dwarf skeleton (Crypt:1)
  A crocodile skeleton (Crypt:2)
  2 hound zombies
  A howler monkey zombie (D:6)
  4 worker ant zombies
  A howler monkey skeleton (D:9)
  10 adders
  10 gnolls
  2 river rats (Lair:3)
  11 shadow imps
  15 white imps
  An ufetubus (Depths:4)
  An ooze (D:1)
  4 swamp drake simulacra (Swamp:4)
  An iguana zombie (Crypt:1)
  A halfling skeleton (Crypt:1)
  4 worms
  3 leopard geckos
  152 orcs
  8 bats
  6 giant cockroaches
  6 goblins
  9 hobgoblins
  28 jackals
  31 kobolds
  2 quokkas
  3 ball pythons
  6 frilled lizards
  2 quokka skeletons
  5 rats
  4 fungi
  5 plants
  14 starspawn tentacles (WizLab)
2562 creatures vanquished.

Vanquished Creatures (collateral kills)
  Mara (Vaults:2)
  Frederick (Vaults:2)
  A Killer Klown (Zot:5)
  Xtahua (Vaults:2)
  Saint Roka (Depths:3)
  A bone dragon (Crypt:2)
  A lich (Crypt:2)
  Asterion (Spider:1)
  2 vault wardens (Vaults:4)
  A cacodemon (WizLab)
  A deep elf sorcerer (Vaults:4)
  2 reapers (Crypt:2)
  Louise (Depths:4)
  A spriggan defender (Depths:4)
  A ghost moth (Spider:4)
  3 stone giants
  2 ironheart preservers (Vaults:4)
  A vampire knight (Vaults:2)
  Nessos (Orc:2)
  Snorg (D:12)
  2 eidola (Crypt:2)
  An ettin (Depths:1)
  A great orb of eyes (WizLab)
  A deep elf death mage (Crypt:2)
  Erolcha (D:12)
  2 vault guards (Vaults:4)
  A spriggan air mage (Depths:3)
  A hydra (Lair:6)
  A deep troll earth mage (Depths:1)
  A two-headed ogre (Vaults:4)
  2 ogre magi
  A deep troll shaman (Depths:2)
  2 iron trolls
  A hell knight (Vaults:2)
  2 skeletal warriors (Depths:4)
  An ironbrand convoker (Vaults:2)
  A flayed ghost (Vaults:4)
  2 deep elf archers (Vaults:2)
  A harpy (Vaults:4)
  3 deep elf magi
  An orc knight (Vaults:4)
  2 ugly things (Depths:1)
  Psyche (D:12)
  2 vault sentinels (Vaults:4)
  6 yaktaurs
  A slime creature (Depths:3)
  4 hornets
  3 dream sheep (Lair:6)
  2 spriggans (Depths:2)
  3 yaks (D:12)
  A neqoxec (WizLab)
  A swamp worm simulacrum (Swamp:4)
  5 hydra simulacra (Swamp:4)
  3 orc warriors
  2 orc wizards (Orc:2)
90 creatures vanquished.

Vanquished Creatures (others)
  An Orb Guardian (Zot:5)
  A draconian knight (Zot:4)
  A draconian shifter (Zot:4)
  A draconian stormcaller (Zot:5)
  A green draconian (Zot:3)
  A hydra (Swamp:4)
  A deep elf knight (Vaults:1)
  A deep elf archer (Vaults:1)
  A deep elf mage (Elf:1)
  An orb spider (Spider:4)
  A wolf spider (Spider:1)
  A wizard (D:7)
  A yaktaur (Depths:5)
  A slime creature (Slime:5)
  2 redbacks (Spider:1)
  An insubstantial wisp (Swamp:4)
  A boggart (Depths:2)
  An orc wizard (Orc:2)
  68 bushes (Depths:4)
  A demonic plant (Gauntlet)
  4 fungi
  91 plants
  9 starspawn tentacles (WizLab)
192 creatures vanquished.

Grand Total: 2844 creatures vanquished

Notes
Turn   | Place    | Note
-------+----------+-------------------------------------------
     0 | D:1      | Cecky the Minotaur Berserker began the quest for the Orb.
     0 | D:1      | Reached XP level 1. HP: 19/19 MP: 0/0
    52 | D:1      | Reached XP level 2. HP: 8/27 MP: 1/1
   336 | D:1      | Reached skill level 4 in Fighting
  1272 | D:2      | Reached XP level 3. HP: 34/34 MP: 2/2
  1344 | D:2      | Reached ** piety under Trog
  1571 | D:2      | Found a bloodstained altar of Trog.
  1648 | D:2      | Found a glowing silver altar of Zin.
  1692 | D:2      | Reached skill level 5 in Axes
  1692 | D:2      | Reached XP level 4. HP: 35/41 MP: 3/3
  1912 | D:2      | Found a radiant altar of Vehumet.
  1918 | D:2      | Reached skill level 5 in Fighting
  1993 | D:2      | Noticed a +0 dagger
  1994 | D:2      | Noticed a +0 dagger
  1995 | D:2      | Found a hide-covered altar of Uskayaw.
  2211 | D:3      | Reached XP level 5. HP: 27/48 MP: 4/4
  2895 | D:4      | Noticed an ogre
  2901 | D:4      | Killed an ogre
  2906 | D:4      | Reached XP level 6. HP: 57/57 MP: 5/5
  3023 | D:4      | Noticed Grinder
  3040 | D:4      | Killed Grinder
  3040 | D:4      | Reached skill level 6 in Fighting
  3138 | D:4      | Noticed Menkaure
  3144 | D:4      | Killed Menkaure
  3144 | D:4      | Reached XP level 7. HP: 64/64 MP: 6/6
  3233 | D:4      | Reached *** piety under Trog
  3506 | D:5      | Entered Level 5 of the Dungeon
  3532 | D:5      | Reached skill level 7 in Fighting
  3620 | D:5      | Found Egecoyxu's Book Shoppe.
  3681 | D:5      | Noticed Sigmund
  4001 | D:5      | Reached XP level 8. HP: 73/73 MP: 7/7
  4077 | D:5      | Killed Sigmund
  4077 | D:5      | Reached skill level 10 in Axes
  4270 | D:5      | Found Paodoski's Assorted Antiques.
  4277 | D:5      | Noticed Ijyb
  4290 | D:5      | Killed Ijyb
  4290 | D:5      | Received a gift from Trog
  4290 | D:5      | Reached skill level 8 in Fighting
  4438 | D:5      | Found a staircase to the Ecumenical Temple.
  4536 | D:5      | Noticed a troll
  4544 | D:5      | Killed a troll
  4802 | D:6      | Found Xeaclaz's Weapon Shoppe.
  4806 | D:6      | Bought a +0 battleaxe for 71 gold pieces
  4911 | D:6      | Reached XP level 9. HP: 78/82 MP: 8/8
  5300 | D:6      | Found an opulent altar of Gozag.
  5502 | D:6      | Noticed Edmund
  5507 | D:6      | Killed Edmund
  5507 | D:6      | Reached skill level 5 in Armour
  5645 | D:6      | Found a blossoming altar of Fedhas.
  5763 | D:7      | Reached **** piety under Trog
  5800 | D:7      | Reached skill level 9 in Fighting
  5923 | D:7      | Noticed Harold
  5923 | D:7      | Paralysed by Harold for 6 turns
  5937 | D:7      | Killed Harold
  6020 | D:7      | Found a bloodstained altar of Trog.
  6021 | D:7      | Noticed a wizard
  6027 | D:7      | Killed a wizard
  6296 | D:8      | Found a stormy altar of Qazlal.
  6576 | D:8      | Found Qobienne's Magic Scroll Boutique.
  6584 | D:8      | Bought a scroll of magic mapping for 42 gold pieces
  6584 | D:8      | Bought a scroll of blinking for 90 gold pieces
  6587 | D:8      | Noticed a two-headed ogre
  6597 | D:8      | Killed a two-headed ogre
  6597 | D:8      | Reached XP level 10. HP: 79/93 MP: 9/9
  6729 | D:8      | Reached skill level 10 in Fighting
  6846 | D:8      | Found a staircase to the Lair.
  7308 | Lair:1   | Entered Level 1 of the Lair of Beasts
  7351 | Lair:1   | Noticed a spiny frog
  7356 | Lair:1   | Killed a spiny frog
  7415 | Lair:1   | Found a gate leading to a gauntlet.
  7427 | Gauntlet | Entered a Gauntlet
  7427 | Gauntlet | Found a transporter.
  7427 | Gauntlet | Found a runed translucent door.
  7427 | Gauntlet | Found a transporter.
  7427 | Gauntlet | Noticed a shining eye
  7428 | Gauntlet | Found a runed translucent door.
  7429 | Gauntlet | Found the ring of Robustness {AC+8}
  7429 | Gauntlet | Found a transporter.
  7429 | Gauntlet | Found a transporter.
  7433 | Gauntlet | Found a transporter.
  7433 | Gauntlet | Found a transporter.
  7462 | Gauntlet | Noticed an oklob plant
  7466 | Gauntlet | Found a transporter.
  7469 | Gauntlet | Found a transporter.
  7471 | Gauntlet | Noticed a wizard
  7471 | Gauntlet | Noticed a wizard
  7482 | Gauntlet | Found a transporter.
  7500 | Gauntlet | Found a transporter.
  7511 | Gauntlet | Found a transporter.
  7515 | Gauntlet | Found a transporter.
  7520 | Gauntlet | Noticed a fire crab
  7527 | Gauntlet | Noticed a worldbinder
  7528 | Gauntlet | a fire crab changed into a jumping spider
  7577 | Gauntlet | Killed a shining eye
  7639 | Gauntlet | Noticed a manticore
  7639 | Gauntlet | a redback changed into a manticore
  7650 | Gauntlet | a manticore changed into a komodo dragon
  7661 | Gauntlet | Killed an oklob plant
  7688 | Gauntlet | Noticed a deep troll
  7688 | Gauntlet | Noticed an entropy weaver
  7718 | Gauntlet | Killed a wizard
  7723 | Gauntlet | Killed a wizard
  7736 | Gauntlet | Got an ancient cloak
  7770 | Gauntlet | Identified the -6 cloak of Wosexzaa {rC+} (You found it in
                  | a Gauntlet)
  7783 | Gauntlet | Identified the +3 acid dragon scales "Agathul" {MR+ rCorr
                  | Str+2 Stlth+}
  7783 | Gauntlet | Noticed a minotaur
  7796 | Gauntlet | Killed a minotaur
  7796 | Gauntlet | Reached skill level 15 in Axes
  7796 | Gauntlet | Reached XP level 11. HP: 79/101 MP: 10/10
  7981 | Gauntlet | Identified Ilaoc's Papyrus of Beguiling
  8012 | Lair:1   | Reached skill level 11 in Fighting
  8587 | Lair:1   | Found a runed translucent gate.
  8587 | Lair:1   | Found a runed translucent gate.
  8588 | Lair:1   | Found a runed translucent gate.
  8591 | Lair:1   | Noticed Garrluk's ghost (journeyman DDBe)
  9222 | Lair:2   | Noticed an eight-headed hydra
  9232 | Lair:2   | Killed a four-headed hydra
  9280 | Lair:2   | Noticed a seven-headed hydra
  9290 | Lair:2   | Killed a one-headed hydra
  9590 | Lair:2   | Noticed a seven-headed hydra
  9604 | Lair:2   | Killed a four-headed hydra
  9875 | Lair:2   | Noticed a seven-headed hydra
  9886 | Lair:2   | Killed a three-headed hydra
  9971 | Lair:2   | Reached skill level 5 in Dodging
  9971 | Lair:2   | Reached XP level 12. HP: 94/112 MP: 11/11
 10360 | Lair:2   | Reached skill level 12 in Fighting
 10595 | Lair:3   | Received a gift from Trog
 10857 | Lair:3   | Noticed a four-headed hydra
 10868 | Lair:3   | Killed a one-headed hydra
 11262 | Lair:3   | Reached ***** piety under Trog
 11402 | Lair:3   | Found a runed translucent gate.
 11402 | Lair:3   | Found a runed translucent gate.
 11402 | Lair:3   | Found a runed translucent gate.
 11407 | Lair:3   | Noticed Ceyvaan's ghost (journeyman DEFE)
 11426 | Lair:3   | Killed Ceyvaan's ghost
 11431 | Lair:3   | Got a transparent ivory ring
 11455 | Lair:3   | Identified the ring "Luipaucwie" {rPois rC- AC+2 Dex+4}
                  | (You found it on level 3 of the Lair of Beasts)
 11685 | Lair:3   | Found a staircase to the Swamp.
 11971 | Lair:4   | Reached skill level 13 in Fighting
 11998 | Lair:4   | You fall through a shaft for 2 floors!
 11998 | Lair:6   | Entered Level 6 of the Lair of Beasts
 12005 | Lair:6   | Noticed a seven-headed hydra
 12025 | Lair:6   | Killed a one-headed hydra
 12025 | Lair:6   | Reached XP level 13. HP: 78/122 MP: 12/12
 13193 | Lair:4   | Found a hole to the Spider Nest.
 13283 | Spider:1 | Entered Level 1 of the Spider Nest
 13389 | Lair:5   | Found a viscous altar of Jiyva.
 13389 | Lair:5   | Found a staircase to the Slime Pits.
 13395 | Slime:1  | Entered Level 1 of the Pits of Slime
 13395 | Slime:1  | Noticed an acid blob
 14067 | Lair:6   | Reached skill level 14 in Fighting
 14396 | Lair:6   | Received a gift from Trog
 14401 | Lair:6   | Reached XP level 14. HP: 133/133 MP: 13/13
 14728 | Lair:6   | Reached skill level 15 in Fighting
 14729 | Lair:6   | Reached skill level 10 in Dodging
 16115 | D:9      | Found a shattered altar of Ashenzari.
 16536 | D:9      | Found an ancient bone altar of Kikubaaqudgha.
 16537 | D:9      | Found a snail-covered altar of Cheibriados.
 16557 | D:10     | Entered Level 10 of the Dungeon
 16815 | D:10     | Found a staircase to the Orcish Mines.
 16900 | D:10     | Received a gift from Trog
 17188 | D:11     | Reached skill level 10 in Armour
 17619 | D:11     | Reached ****** piety under Trog
 17907 | D:12     | Noticed Psyche
 17995 | D:12     | Reached skill level 16 in Fighting
 18104 | D:12     | Noticed Erolcha
 18106 | D:12     | Noticed Snorg
 18114 | D:12     | Killed Snorg
 18117 | D:12     | Killed Erolcha
 18126 | D:12     | Received a gift from Trog
 18351 | D:12     | Killed Psyche
 18734 | D:12     | Noticed an orc warlord
 18756 | D:12     | Killed an orc warlord
 19075 | D:13     | Noticed Frances
 19107 | D:13     | Killed Frances
 19262 | D:13     | Reached skill level 17 in Fighting
 19375 | D:13     | Reached XP level 15. HP: 125/147 MP: 14/14
 19506 | D:13     | Found a gate to the Vaults.
 19726 | D:13     | Found Cuurusen's Food Shoppe.
 20136 | D:14     | Received a gift from Trog
 20740 | D:14     | Reached skill level 18 in Fighting
 21097 | D:15     | Entered Level 15 of the Dungeon
 21721 | D:15     | Found a staircase to the Depths.
 21722 | D:15     | Noticed a fire giant
 21743 | D:15     | Killed a fire giant
 21782 | D:15     | Noticed Roxanne
 21855 | D:15     | Killed Roxanne
 21881 | D:15     | Found a shadowy altar of Dithmenos.
 21965 | D:15     | Found a blossoming altar of Fedhas.
 22422 | Orc:1    | Entered Level 1 of the Orcish Mines
 22427 | Orc:1    | Found a frozen archway.
 22446 | IceCv    | Entered an ice cave
 22543 | IceCv    | Received a gift from Trog
 22674 | IceCv    | Got a steaming broad axe
 22682 | IceCv    | Identified the +3 broad axe "Ymuh" {freeze, rF- Dex+6
                  | Stlth+} (You found it in an ice cave)
 22843 | IceCv    | Noticed a frost giant
 22844 | IceCv    | Found the +3 salamander hide armour {+Rage rF++}
 22854 | IceCv    | Killed a frost giant
 23019 | Orc:1    | Found a roughly hewn altar of Beogh.
 23104 | Orc:1    | Found a roughly hewn altar of Beogh.
 23359 | Orc:1    | Received a gift from Trog
 23611 | Orc:2    | Entered Level 2 of the Orcish Mines
 23652 | Orc:2    | Found a staircase to the Elven Halls.
 23673 | Orc:2    | Reached XP level 16. HP: 158/159 MP: 5/15
 23905 | Orc:2    | Noticed Nessos
 23907 | Orc:2    | Paralysed by an orc sorcerer for 6 turns
 23917 | Orc:2    | Killed Nessos
 24213 | Orc:2    | Paralysed by an orc sorcerer for 4 turns
 24343 | Orc:2    | Found Zousyffi's Magic Scroll Emporium.
 24361 | Orc:2    | Found a radiant altar of Vehumet.
 24394 | Orc:2    | Found an ancient bone altar of Kikubaaqudgha.
 24430 | Orc:2    | Found Qiustr Qofecs's Book Shoppe.
 24459 | Orc:2    | Found a roughly hewn altar of Beogh.
 24459 | Orc:2    | Found Gihokk's Antique Armour Emporium.
 24502 | Orc:2    | Found Cafas's Distillery.
 24591 | Orc:2    | Found a deep blue altar of Sif Muna.
 25133 | Spider:1 | Noticed Kirke
 25345 | Spider:1 | Reached skill level 19 in Fighting
 25348 | Spider:1 | Killed Kirke
 25348 | Spider:1 | Reached skill level 1 in Throwing
 25417 | Spider:1 | Noticed Azrael
 25432 | Spider:1 | Received a gift from Trog
 25697 | Spider:1 | Killed Azrael
 25738 | Spider:1 | You fall through a shaft!
 26277 | Spider:1 | Noticed Josephine
 26281 | Spider:1 | Received a gift from Trog
 26288 | Spider:1 | Killed Josephine
 26292 | Spider:1 | Noticed Asterion
 26451 | Spider:1 | Killed Asterion
 28544 | Spider:3 | Reached XP level 17. HP: 126/169 MP: 5/16
 28836 | Spider:4 | Entered Level 4 of the Spider Nest
 28859 | Spider:3 | Received a gift from Trog
 29435 | Spider:4 | Reached skill level 5 in Throwing
 30277 | Spider:4 | Reached skill level 20 in Fighting
 30769 | Spider:4 | Received a gift from Trog
 30834 | Spider:4 | Got a gossamer rune of Zot
 31189 | Swamp:1  | Entered Level 1 of the Swamp
 32309 | Swamp:2  | Received a gift from Trog
 32968 | Swamp:3  | Identified 2 scrolls of acquirement
 33212 | Swamp:3  | Found a shimmering altar of Xom.
 33489 | Swamp:4  | Entered Level 4 of the Swamp
 33553 | Swamp:4  | Received a gift from Trog
 34364 | Swamp:4  | Reached XP level 18. HP: 162/180 MP: 5/17
 35041 | Swamp:4  | Got a decaying rune of Zot
 35398 | Vaults:1 | Entered Level 1 of the Vaults
 35440 | Vaults:1 | Reached skill level 21 in Fighting
 35696 | Vaults:1 | Found a magical portal.
 35714 | WizLab   | Entered Lehudib's Moon Base
 36366 | WizLab   | Found a transporter.
 36381 | WizLab   | Received a gift from Trog
 36918 | WizLab   | Found a transporter.
 36919 | WizLab   | Found the +0 Maxwell's etheric cage {RegenMP+ *Contam rElec
                  | MP+4}
 37174 | WizLab   | Reached skill level 1 in Evocations
 37500 | WizLab   | Noticed a moon troll
 37522 | WizLab   | Killed a moon troll
 37522 | WizLab   | Gained mutation: Armour fits poorly on your strangely
                  | shaped body. [a cacodemon]
 38137 | Vaults:1 | Received a gift from Trog
 38326 | Vaults:1 | Reached skill level 22 in Fighting
 38326 | Vaults:1 | Reached XP level 19. HP: 155/191 MP: 6/20
 39715 | Vaults:2 | Received a gift from Trog
 39791 | Vaults:2 | Noticed Xtahua
 39799 | Vaults:2 | Killed Xtahua
 39809 | Vaults:2 | Noticed Jory
 39819 | Vaults:2 | Killed Jory
 39819 | Vaults:2 | Reached skill level 5 in Evocations
 40456 | Vaults:2 | Noticed Mara
 40472 | Vaults:2 | Noticed Margery
 40477 | Vaults:2 | Killed Mara
 40477 | Vaults:2 | Reached skill level 23 in Fighting
 40488 | Vaults:2 | Killed Margery
 40794 | Vaults:2 | Noticed Frederick
 40803 | Vaults:2 | Killed Frederick
 40824 | Vaults:2 | Found a staircase to the Crypt.
 41439 | Vaults:2 | Received a gift from Trog
 42647 | Vaults:3 | Reached XP level 20. HP: 178/206 MP: 7/23
 42897 | Vaults:3 | Reached skill level 24 in Fighting
 42922 | Vaults:3 | Received a gift from Trog
 43889 | Vaults:3 | Got a scorched scale mail
 43900 | Vaults:3 | Identified the cursed +0 scale mail of Irirap {+Blink rC+
                  | Str+6 Stlth-} (You found it on level 3 of the Vaults)
 44138 | Vaults:4 | Received a gift from Trog
 45029 | Vaults:4 | Reached skill level 25 in Fighting
 46245 | Elf:1    | Entered Level 1 of the Elven Halls
 46668 | Elf:1    | Received a gift from Trog
 46918 | Orc:2    | Bought a glowing crystal plate armour for 2407 gold pieces
 47238 | Elf:1    | Received a gift from Trog
 47260 | Elf:1    | Reached XP level 21. HP: 74/220 MP: 8/26
 47837 | Elf:1    | You fall through a shaft!
 47852 | Elf:2    | Received a gift from Trog
 48161 | Elf:2    | Received a gift from Trog
 48250 | Elf:2    | Found a runed translucent gate.
 48250 | Elf:2    | Found a runed translucent gate.
 48251 | Elf:2    | Found a runed translucent gate.
 48366 | Elf:2    | Reached skill level 26 in Fighting
 48598 | Elf:2    | Got a brightly glowing marble ring
 48600 | Elf:2    | Identified the ring "Xoniph" {rElec AC+4 Stlth+} (You found
                  | it on level 2 of the Elven Halls)
 49459 | Elf:3    | Entered Level 3 of the Elven Halls
 49875 | Elf:3    | Found Vuth's Distillery.
 50005 | Elf:3    | Received a gift from Trog
 51175 | Elf:3    | Reached skill level 27 in Fighting
 51302 | Elf:3    | Got a scorched pewter ring
 51303 | Elf:3    | Identified the cursed ring "Sad Fytz" {AC-3 Str+2 Int-2
                  | Dex+7} (You found it on level 3 of the Elven Halls)
 51310 | Elf:3    | Got a jewelled scale mail
 51311 | Elf:3    | Identified the +3 scale mail "Goukhl Omio" {rElec Int+6}
                  | (You found it on level 3 of the Elven Halls)
 51344 | Elf:3    | Found the +5 robe of Misfortune {*Contam Harm *Corrode
                  | *Drain *Slow EV+5}
 52221 | Depths:1 | Entered Level 1 of the Depths
 52445 | Depths:1 | Found a gateway to Hell.
 52751 | Depths:1 | Paralysed by a great orb of eyes for 7 turns
 52790 | Depths:1 | Reached XP level 22. HP: 233/233 MP: 9/27
 52865 | Depths:1 | Received a gift from Trog
 52905 | Depths:1 | Reached skill level 15 in Armour
 53320 | Depths:1 | Found Xyurei's Weapon Shoppe.
 53320 | Depths:1 | Found Mozaf's Food Emporium.
 53321 | Depths:1 | Found Ariut's Assorted Antiques.
 53325 | Depths:1 | Found Uhes's Book Shoppe.
 54248 | Depths:2 | Received a gift from Trog
 54448 | Depths:2 | Received a gift from Trog
 54475 | Depths:2 | Found a gateway to a ziggurat.
 54781 | Depths:2 | Found Heudd's Antique Armour Shoppe.
 54964 | Depths:2 | Received a gift from Trog
 55656 | Depths:2 | Received a gift from Trog
 55689 | Depths:2 | Paralysed by a floating eye for 3 turns
 56198 | Depths:2 | Received a gift from Trog
 56239 | Depths:2 | Noticed a caustic shrike
 56243 | Depths:2 | Noticed a caustic shrike
 56247 | Depths:2 | Noticed a caustic shrike
 56249 | Depths:2 | Killed a caustic shrike
 56254 | Depths:2 | Killed a caustic shrike
 56256 | Depths:2 | Noticed a caustic shrike
 56259 | Depths:2 | Killed a caustic shrike
 56601 | Depths:2 | Killed a caustic shrike
 57009 | Depths:2 | Reached skill level 15 in Dodging
 57025 | Depths:2 | Noticed a golden dragon
 57034 | Depths:2 | Reached XP level 23. HP: 183/240 MP: 9/28
 57683 | Depths:3 | Noticed Saint Roka
 57972 | Depths:3 | Found Itaiqa's Assorted Antiques.
 58915 | Depths:2 | Received a gift from Trog
 59313 | Depths:3 | Identified the ring of Toxkaiju {rCorr rC+ Int+5}
 59362 | Depths:3 | Killed Saint Roka
 59630 | Depths:3 | Bought a potion of heal wounds for 240 gold pieces
 59676 | Depths:3 | Received a gift from Trog
 60758 | Depths:3 | Found a one-way gate leading to the halls of Pandemonium.
 60828 | Depths:4 | Noticed an ancient lich
 61041 | Depths:4 | Noticed a juggernaut
 61061 | Depths:3 | Killed a juggernaut
 62340 | Depths:3 | Received a gift from Trog
 63010 | Depths:4 | Received a gift from Trog
 63019 | Depths:4 | Reached XP level 24. HP: 162/249 MP: 9/28
 63229 | Depths:4 | Received a gift from Trog
 63234 | Depths:4 | Reached skill level 1 in Shields
 63238 | Depths:4 | Killed an ancient lich
 63504 | Depths:4 | Received a gift from Trog
 63523 | Depths:4 | Reached skill level 5 in Shields
 63916 | Depths:4 | Found a one-way gate to the infinite horrors of the Abyss.
 63946 | Depths:4 | Noticed Louise
 63951 | Depths:4 | Killed Louise
 64288 | Depths:5 | Entered Level 5 of the Depths
 64288 | Depths:5 | Found a runed translucent door.
 64299 | Depths:5 | Noticed Pikuto's ghost (adept MiBe)
 64727 | Depths:5 | Killed Pikuto's ghost
 64732 | Depths:5 | Found a runed translucent door.
 64736 | Depths:5 | Noticed Ogotegun's ghost (adept DgCj)
 64814 | Depths:5 | Killed Ogotegun's ghost
 64835 | Depths:5 | Found a runed translucent door.
 64835 | Depths:5 | Noticed frimble's ghost (adept DsGl)
 64854 | Depths:5 | Killed frimble's ghost
 64854 | Depths:5 | Reached skill level 10 in Shields
 65015 | Depths:5 | Found a hazy altar of Hepliaklqana.
 65693 | Depths:5 | Found a gate to the Realm of Zot.
 66527 | Crypt:1  | Entered Level 1 of the Crypt
 68483 | Crypt:2  | Found a huge runed gate.
 68483 | Crypt:2  | Found a huge runed gate.
 68484 | Crypt:2  | Found a huge runed gate.
 68485 | Crypt:2  | Found a huge runed gate.
 68486 | Crypt:2  | Found a huge runed gate.
 68489 | Crypt:2  | Found a huge runed gate.
 68489 | Crypt:2  | Found a huge runed gate.
 68489 | Crypt:2  | Found a huge runed gate.
 68489 | Crypt:2  | Found a huge runed gate.
 68489 | Crypt:2  | Found a huge runed gate.
 68490 | Crypt:2  | Found a huge runed gate.
 68494 | Crypt:2  | Found a huge runed gate.
 68494 | Crypt:2  | Found a huge runed gate.
 68494 | Crypt:2  | Found a huge runed gate.
 68499 | Crypt:2  | Found a huge runed gate.
 68499 | Crypt:2  | Found a huge runed gate.
 68499 | Crypt:2  | Found a huge runed gate.
 68499 | Crypt:2  | Found a huge runed gate.
 68499 | Crypt:2  | Found a huge runed gate.
 68499 | Crypt:2  | Found a huge runed gate.
 68655 | Crypt:2  | Found a huge runed gate.
 68656 | Crypt:2  | Found a huge runed gate.
 68665 | Crypt:2  | Found a huge runed gate.
 68666 | Crypt:2  | Found a huge runed gate.
 68667 | Crypt:2  | Found a huge runed gate.
 68667 | Crypt:2  | Found a huge runed gate.
 68667 | Crypt:2  | Found a huge runed gate.
 68667 | Crypt:2  | Found a huge runed gate.
 68667 | Crypt:2  | Found a huge runed gate.
 68694 | Crypt:2  | Reached XP level 25. HP: 231/257 MP: 9/28
 69200 | Crypt:3  | Entered Level 3 of the Crypt
 69216 | Crypt:3  | Received a gift from Trog
 71139 | Slime:4  | Paralysed by a great orb of eyes for 5 turns
 71427 | Slime:5  | Entered Level 5 of the Pits of Slime
 71470 | Slime:5  | Gained mutation: You are weak. (Str -2) [a shining eye]
 71477 | Slime:5  | Gained mutation: Your magical capacity is low. (-10% MP) [a
                  | shining eye]
 71478 | Slime:5  | Gained mutation: You are dopey. (Int -2) [a shining eye]
 71481 | Slime:5  | Gained mutation: You are very weak. (Str -4) [a shining
                  | eye]
 71482 | Slime:5  | Received a gift from Trog
 71554 | Slime:5  | Lost mutation: You are dopey. (Int -2) [potion of mutation]
 71554 | Slime:5  | Lost mutation: You are very weak. (Str -4) [potion of
                  | mutation]
 71554 | Slime:5  | Lost mutation: Your magical capacity is low. (-10% MP)
                  | [potion of mutation]
 71554 | Slime:5  | Lost mutation: You are weak. (Str -2) [potion of mutation]
 71554 | Slime:5  | Gained mutation: You tend to lose your temper in combat.
                  | [potion of mutation]
 71554 | Slime:5  | Lost mutation: You tend to lose your temper in combat.
                  | [potion of mutation]
 71571 | Slime:5  | Gained mutation: You are frail. (-10% HP) [a shining eye]
 71572 | Slime:5  | Gained mutation: Your magical capacity is low. (-10% MP) [a
                  | shining eye]
 71574 | Slime:5  | Gained mutation: You are dopey. (Int -2) [a shining eye]
 71577 | Slime:5  | Noticed the Royal Jelly
 71579 | Slime:5  | Found a viscous altar of Jiyva.
 71596 | Slime:5  | Killed the Royal Jelly
 72048 | Slime:3  | Lost mutation: Armour fits poorly on your strangely shaped
                  | body. [potion of mutation]
 72048 | Slime:3  | Lost mutation: You are dopey. (Int -2) [potion of mutation]
 72048 | Slime:3  | Lost mutation: Your magical capacity is low. (-10% MP)
                  | [potion of mutation]
 72048 | Slime:3  | Gained mutation: Your movements are slightly less
                  | encumbered by armour. (ER -2) [potion of mutation]
 72048 | Slime:3  | Gained mutation: You have sharp toenails. [potion of
                  | mutation]
 72049 | Slime:3  | Lost mutation: You are frail. (-10% HP) [potion of
                  | mutation]
 72049 | Slime:3  | Lost mutation: Your movements are slightly less encumbered
                  | by armour. (ER -2) [potion of mutation]
 72049 | Slime:3  | Lost mutation: You have sharp toenails. [potion of
                  | mutation]
 72049 | Slime:3  | Gained mutation: Your flesh is heat resistant. (rF+)
                  | [potion of mutation]
 72049 | Slime:3  | Gained mutation: You passively map a small area around you.
                  | [potion of mutation]
 72332 | Slime:5  | Got a wavering ivory ring
 72333 | Slime:5  | Identified the ring of the Past {*Tele rPois Dex+4} (You
                  | found it on level 5 of the Pits of Slime)
 72340 | Slime:5  | Identified the Incunabulum of Arcane Weapons and
                  | Contamination
 72342 | Slime:5  | Found the +7 sceptre of Torment {pain, torment}
 72342 | Slime:5  | Got a brightly glowing battleaxe
 72346 | Slime:5  | Identified the cursed +1 battleaxe of the Pit {venom, *Slow
                  | Str+7 Stlth+} (You found it on level 5 of the Pits of
                  | Slime)
 72371 | Slime:5  | Got a pair of transparent boots
 72372 | Slime:5  | Identified the +2 pair of boots "Ycicevop" {rPois Str-3
                  | Int+3 Dex+2} (You found it on level 5 of the Pits of Slime)
 72374 | Slime:5  | Got a slimy rune of Zot
 72394 | Slime:5  | Got an ichor-stained plate armour
 72395 | Slime:5  | Identified the +2 plate armour of Zehof {MR- Regen+ Int+2
                  | Dex+2} (You found it on level 5 of the Pits of Slime)
 72423 | Slime:5  | Got a glittering pewter ring
 72424 | Slime:5  | Identified the ring "Saic" {+Blink +Fly Dex+4} (You found
                  | it on level 5 of the Pits of Slime)
 73112 | Zot:1    | Entered Level 1 of the Realm of Zot
 73152 | Zot:1    | Noticed an ancient lich
 73160 | Zot:1    | Killed an ancient lich
 73245 | Zot:1    | Noticed a Killer Klown
 73245 | Zot:1    | Noticed a Killer Klown
 73246 | Zot:1    | Noticed a Killer Klown
 73434 | Zot:1    | Killed a Killer Klown
 73448 | Depths:5 | Killed a Killer Klown
 73622 | Zot:1    | Killed a Killer Klown
 73766 | Zot:1    | Noticed a Killer Klown
 74132 | Depths:5 | Killed a Killer Klown
 74205 | Zot:1    | Reached XP level 26. HP: 189/266 MP: 9/28
 74635 | Zot:1    | Got a pair of bloodstained gloves
 74636 | Zot:1    | Identified the -1 pair of gloves "Laboiwk" {rF+ Int+3} (You
                  | acquired it on level 1 of the Realm of Zot)
 75325 | Elf:3    | Identified Uloidyaga's Tome of Flamy Dark Rites
 76737 | Zot:2    | Received a gift from Trog
 76848 | Zot:2    | Reached skill level 10 in Evocations
 78704 | Zot:3    | You fall through a shaft!
 79835 | Zot:4    | Received a gift from Trog
 80646 | Zot:5    | Entered Level 5 of the Realm of Zot
 80709 | Zot:5    | Reached XP level 27. HP: 273/273 MP: 11/33
 80807 | Zot:5    | Reached skill level 15 in Evocations
 81603 | Zot:5    | Noticed an ancient lich
 81605 | Zot:5    | Noticed an orb of fire
 81607 | Zot:5    | Noticed an orb of fire
 81613 | Zot:5    | Killed an ancient lich
 81617 | Zot:5    | Noticed an orb of fire
 81617 | Zot:5    | Killed an orb of fire
 81633 | Zot:5    | Noticed an ancient lich
 81633 | Zot:5    | Gained mutation: Scrolls take you a little longer to read.
                  | [an orb of fire]
 81636 | Zot:5    | Killed an orb of fire
 81637 | Zot:5    | Gained mutation: You are frail. (-10% HP) [an orb of fire]
 81640 | Zot:5    | Noticed an ancient lich
 81653 | Zot:4    | Gained mutation: Your body sometimes deteriorates upon
                  | taking damage. [an orb of fire]
 81663 | Zot:4    | Killed an orb of fire
 81916 | Zot:4    | Lost mutation: You are frail. (-10% HP) [potion of
                  | mutation]
 81916 | Zot:4    | Lost mutation: You passively map a small area around you.
                  | [potion of mutation]
 81916 | Zot:4    | Lost mutation: Scrolls take you a little longer to read.
                  | [potion of mutation]
 81916 | Zot:4    | Lost mutation: Your flesh is heat resistant. (rF+) [potion
                  | of mutation]
 81916 | Zot:4    | Gained mutation: You have supernaturally acute eyesight.
                  | (SInv) [potion of mutation]
 81916 | Zot:4    | Gained mutation: Your muscles are strong. (Str +2) [potion
                  | of mutation]
 81916 | Zot:4    | Gained mutation: You have a somewhat thin skeletal
                  | structure. (Dex +2, Stealth) [potion of mutation]
 81916 | Zot:4    | Gained mutation: You are resistant to hostile enchantments.
                  | (MR+) [potion of mutation]
 82084 | Zot:5    | Killed an ancient lich
 82345 | Zot:5    | Received a gift from Trog
 82356 | Zot:5    | Got a steaming battleaxe {god gift}
 82683 | Zot:5    | Killed an ancient lich
 84324 | Zot:5    | Got the Orb of Zot
 84329 | Zot:5    | Noticed Buompam the pandemonium lord
 84536 | Depths:3 | Noticed Jameedoo the pandemonium lord
 84836 | D:6      | Noticed Ysupov the pandemonium lord
 84886 | D:4      | Noticed Waes the pandemonium lord
 84980 | D:$      | Escaped with the Orb!

Skill      XL: |  1  2  3  4  5  6  7  8  9 10 11 12 13 14 15 16 17 18 19 20 21 22 23 24 25 26 27 |
---------------+----------------------------------------------------------------------------------+-----
Fighting       | 4 5 6 7 8 9 10 11 13 14 17 18 19 20 22 23 25 27 | 27.0
Axes           | 4 5 6 8 9 11 13 15 16 18 20 21 23 24 26 | 26.0
Armour         | 4 6 8 9 11 14 19 22 | 22.7
Dodging        | 5 7 9 11 12 13 15 16 19 23 | 23.6
Throwing       | 4 5 |  5.1
Evocations     | 3 6 8 14 20 | 20.0
Shields        | 14 | 14.8
Spellcasting   | |  0.1

Action                   |  1- 3 |  4- 6 |  7- 9 | 10-12 | 13-15 | 16-18 | 19-21 | 22-24 | 25-27 || total
-------------------------+-------+-------+-------+-------+-------+-------+-------+-------+-------++-------
Melee: Hand axe          |    84 |    98 |   142 |    57 |    23 |       |       |       |       ||   404
       Headbutt          |    13 |    15 |    62 |   124 |   298 |   281 |   337 |   494 |   434 ||  2058
       Battleaxe         |       |       |   114 |   439 |   760 |       |       |       |       ||  1313
       Broad axe         |       |       |       |       |    16 |       |       |       |       ||    16
       Executioner's axe |       |       |       |       |   365 |  1115 |  1233 |  1519 |  1244 ||  5476
 Fire: Blowgun           |       |       |       |       |       |   112 |       |       |       ||   112
Throw: Throwing net      |       |       |       |       |     2 |       |       |       |     3 ||     5
Invok: Berserk           |     1 |     3 |     7 |     9 |     6 |     3 |     1 |     5 |     4 ||    39
       Trog's Hand       |       |     3 |     5 |    10 |     9 |    14 |    15 |     9 |     6 ||    71
       Brothers in Arms  |       |       |       |     1 |     3 |     9 |    12 |    17 |     7 ||    49
 Abil: Evoke Invisibilit |       |       |       |       |       |       |       |       |     7 ||     7
Evoke: Wand              |       |       |       |       |     3 |     1 |     2 |       |     3 ||     9
  Use: Scroll            |       |       |    10 |     8 |    16 |     8 |     6 |     9 |    20 ||    77
       Potion            |       |       |       |       |       |     4 |     4 |     6 |    17 ||    31
 Stab: Held in net/web   |       |       |       |       |     2 |       |       |       |     1 ||     3
       Distracted        |       |       |       |       |       |     2 |     2 |     5 |       ||     9
       Confused          |       |       |       |       |       |     2 |       |     1 |       ||     3
       Sleeping          |       |       |       |       |       |       |     1 |       |       ||     1
       Invisible         |       |       |       |       |       |       |       |       |    85 ||    85
  Eat: Chunk             |     3 |     7 |    17 |    24 |    39 |    25 |    28 |    29 |    15 ||   187
       Ration            |       |       |     1 |     2 |     4 |    10 |     8 |    12 |    14 ||    51
Armor: Animal skin       |     9 |       |       |       |       |       |       |       |       ||     9
       Plate armour      |    38 |    71 |   144 |   312 |   399 |   627 |       |       |       ||  1591
       Quicksilver drago |       |       |       |       |       |    20 |   178 |       |       ||   198
       Ice dragon scales |       |       |       |       |       |     2 |       |       |       ||     2
       Crystal plate arm |       |       |       |       |       |       |   226 |  1216 |   661 ||  2103
       Storm dragon scal |       |       |       |       |       |       |    27 |       |       ||    27
       Gold dragon scale |       |       |       |       |       |       |       |       |   247 ||   247
Dodge: Dodged            |    69 |    44 |    80 |   304 |   915 |  1114 |  1055 |  1140 |  1191 ||  5912
Block: Buckler           |       |       |     5 |       |       |       |       |       |       ||     5
